 Seeded DCSS version 0.30.1-4-g462c640d31 (webtiles) character file.

Game seed: 6351066067085065685 (custom seed)

12304 Esekla the Thaumaturge (level 11, -6/60 HPs)
             Began as a Deep Elf Necromancer on Sept 1, 2023.
             Was a High Priest of Vehumet.
             Mangled by a troll (8 damage)
             ... on level 10 of the Dungeon on Sept 2, 2023.
             The game lasted 01:32:43 (10797 turns).

Esekla the Thaumaturge (Deep Elf Necromancer)      Turns: 10797, Time: 01:32:44

Health: -6/60      AC:  7    Str:  5    XL:     11   Next: 60%
Magic:  34/38      EV: 16    Int: 25    God:    Vehumet [*****.]
Gold:   105        SH:  0    Dex: 15    Spells: 11/35 levels left

rFire   . . .        c - +5 scimitar
rCold   . . .        (no shield)
rNeg    . . .        f - +1 robe {Will+}
rPois   .            P - +1 helmet
rElec   .            E - +0 cloak
rCorr   .            I - +0 pair of gloves
SInv    .            (no boots)
Will    ++...        x - amulet of magic regeneration
Stlth   +++          O - ring of magical power
HPRegen 0.30/turn    R - ring of the Mage {Wiz Archmagi}
MPRegen 0.66/turn

%: wizardry (x1), archmagi
@: studying Fighting
A: no striking features
a: Renounce Religion


You were on level 10 of the Dungeon.
You worshipped Vehumet.
Vehumet was extremely pleased with you.
You visited 2 branches of the dungeon, and saw 12 of its levels.
You also visited: Bailey.

You collected 819 gold pieces.
You spent 714 gold pieces at shops.

Inventory:

Hand Weapons
 a - a +2 vampiric dagger
 c - a +5 scimitar (weapon)
 r - a +4 trident of venom
 s - the +5 rapier of the Hero {heavy, rN+ Dex+3}
   (You found it on level 3 of the Dungeon)

   Dex:       It affects your dexterity (+3).
   rN:        It protects you from negative energy.
 K - a +4 great sword
Missiles
 t - 46 poisoned darts (quivered)
 M - 6 curare-tipped darts
 Q - 7 boomerangs
Armour
 f - a +1 robe of willpower (worn)
 E - a +0 cloak (worn)
 H - a +0 buckler
 I - a +0 pair of gloves (worn)
 P - a +1 helmet (worn)
 S - a +0 troll leather armour
Jewellery
 x - an amulet of magic regeneration (around neck)
 D - an amulet of reflection
 O - a ring of magical power (left hand)
 R - the ring of the Mage (right hand) {Wiz Archmagi}
   (You bought it in a shop on level 2 of the Dungeon)

   [ring of wizardry]

   It improves your spell success rate.
   Archmagi:  It increases the power of your magical spells.
Wands
 o - a wand of roots (17)
 B - a wand of flame (15)
 G - a wand of mindburst (6)
Scrolls
 i - 2 scrolls of acquirement
 k - a scroll of vulnerability {unknown}
 l - a scroll of enchant armour {unknown}
 m - 2 scrolls of amnesia
 n - a scroll of identify
 p - 5 scrolls of blinking {unknown}
 u - 2 scrolls of fog {unknown}
 w - 4 scrolls of enchant weapon {unknown}
 y - a scroll of magic mapping
 A - 3 scrolls of fear
 C - 2 scrolls of silence
 F - 3 scrolls of teleportation
 J - 2 scrolls of poison
 L - 3 scrolls of noise {unknown}
 N - 2 scrolls of torment {unknown}
Potions
 b - a potion of magic
 d - 3 potions of ambrosia {unknown}
 e - 6 potions of attraction {unknown}
 g - 2 potions of heal wounds
 h - 7 potions of curing
 j - a potion of cancellation {unknown}
 q - 3 potions of brilliance
 v - 3 potions of haste
 z - a potion of lignification


   Skills:
 * Level 3.8 Fighting
 * Level 3.8(3.9) Short Blades
 + Level 0.7(2.2) Long Blades
 + Level 2.4 Throwing
 * Level 8.1 Dodging
 + Level 5.3 Stealth
 * Level 12.8 Spellcasting
 * Level 6.6 Conjurations
 + Level 11.6 Necromancy
 + Level 4.3 Translocations
 + Level 2.2 Transmutations
 * Level 3.5 Ice Magic
 + Level 3.5 Air Magic
 + Level 1.0 Evocations


You had 11 spell levels left.
You knew the following spells:

 Your Spells              Type           Power      Damage    Failure   Level
a - Necrotise             Necr           100%       1d9       1%          1
b - Sandblast             Erth           48%        2d12      1%          1
d - Vampiric Draining     Necr           84%        2d12      1%          3
e - Searing Ray           Conj           100%       2d8       1%          2
k - Airstrike             Air            25%        2d(4-20)  1%          4
l - Yara's Violent Unrav  Hex/Tmut       16%        3d8       8%          5
t - Teleport Other        Tloc           54%        N/A       1%          3
z - Freezing Cloud        Conj/Ice/Air   27%        6-21      1%          5

Your spell library contained the following spells:

 Spells                   Type           Power      Damage    Failure   Level
 Lesser Beckoning         Tloc           100%       N/A       1%          2
 Gell's Gravitas          Tloc           54%        N/A       1%          3
 Animate Dead             Necr           84%        N/A       1%          4
 Agony                    Necr           84%        N/A       1%          5
 Spider Form              Tmut/Pois      32%        N/A       2%          3
 Cause Fear               Hex            12%        N/A       16%         4
 Summon Mana Viper        Hex/Summ       24%        N/A       38%         5


Dungeon Overview and Level Annotations

Branches:
Dungeon (11/15)            Temple (0/1) D:6             Orc (1/2) D:10
 Bailey (visited)
   Lair: D:8-11

Altars:
Dithmenos
Fedhas
Hepliaklqana
Nemelex Xobeh
Okawaru
Qazlal
Ru
Trog
Uskayaw
Vehumet
Zin
The Shining One

Shops:
D:2 =   D:4 (

Annotations:
D:7 Joseph


Message History

The troll barely misses you. The troll misses you. x2
You climb upwards.
There is a stone staircase leading down here.
Cast which spell? (? or * to list)
Aiming: Airstrike (dangerous; 1% risk of failure)
Press: ? - help, Dir - move target, f - troll
Aim: a troll (heavily wounded, empty space bonus: 7/8)
Okay, then.
Unknown command.
Casting: Airstrike (dangerous; 1% risk of failure)
Confirm with . or Enter, or press ? or * to list all spells.
Aiming: Searing Ray (safe; 1% risk of failure)
Press: ? - help, Shift-Dir - straight line, f - troll
Aim: a troll (heavily wounded, 83% to hit)
Okay, then.
c - a +5 scimitar (weapon)
The troll closely misses you. The troll barely misses you. The troll claws you.
Casting: Searing Ray (safe; 1% risk of failure)
Confirm with . or Enter, or press ? or * to list all spells.
Aiming: Searing Ray (safe; 1% risk of failure)
Press: ? - help, Shift-Dir - straight line, f - troll
Aim: a troll (heavily wounded, 83% to hit)
You feel a surge of power!
The searing ray hits the troll!
The troll is severely wounded. (Press . to maintain the ray.)
The troll bites you! The troll claws you! The troll barely misses you.
The searing ray hits the troll.
The troll is almost dead.
The troll bites you! The troll barely misses you. The troll claws you!
* * * LOW HITPOINT WARNING * * *
Casting: Searing Ray (safe; 1% risk of failure)
Confirm with . or Enter, or press ? or * to list all spells.
Aiming: Vampiric Draining (safe; 1% risk of failure)
Press: ? - help, Shift-Dir - straight line, f/p - troll
Aim: a troll (severely wounded)
You feel a surge of power!
You draw life force from the troll.
You feel life coursing into your body. The troll bites you!
* * * LOW HITPOINT WARNING * * *
The troll claws you!
You die...

#.# #......#.............##....
#.#####......#..............'....
#.#..........#.............##....
#.#..........#.............##....
..#........................######
###...........#######.######
#...........##...#..###########
#..........###......#..........
###.....<.......@.....#..........
.##....##...####.T....#..........
.##....##...# #......#..........
.###.#......####......#..........
.###.#........##......#..........
.....#........##)######..........
#######.......##.# ##########...
#........##.####............
#.............##.....#######


You could see a troll.

Vanquished Creatures
  Harold (D:9)
  2 two-headed ogres
  Pikel (D:6)
  3 orc knights
  2 cyclopes (D:9)
  A gargoyle (D:10)
  A kobold demonologist (D:9)
  2 trolls
  8 yaks (D:10)
  2 steam dragons
  2 wyverns
  Menkaure (D:7)
  An ice beast (D:6)
  A sky beast (D:6)
  12 orc warriors
  2 black bears
  2 ogres
  2 centaurs
  A phantom (D:7)
  Blork the orc (D:6)
  4 kobold brigands
  3 gnoll sergeants
  2 bullfrogs
  2 scorpions (D:5)
  10 wights
  13 killer bees
  2 howler monkeys (D:10)
  2 quasits (D:8)
  2 gnoll boudas
  6 hounds
  A jelly (D:6)
  Crazy Yiuf (D:7)
  6 orc priests
  A sleepcap (D:5)
  5 iguanas
  8 orc wizards
  27 gnolls
  9 adders
  3 shadow imps (D:8)
  6 white imps
  4 ufetubi
  A worm (D:4)
  3 dart slugs
  54 orcs
  4 endoplasms
  9 goblins
  7 hobgoblins
  A quokka (D:1)
  6 ball pythons
  4 bats
  4 frilled lizards
  21 kobolds
  A rat (D:2)
280 creatures vanquished.

Notes
Turn   | Place    | Note
-------+----------+-------------------------------------------
     0 | D:1      | Esekla the Deep Elf Necromancer began the quest for the
                  | Orb.
     0 | D:1      | Reached XP level 1. HP: 10/10 MP: 6/6
   320 | D:4      | Found a radiant altar of Vehumet.
   334 | D:4      | Found an iron altar of Okawaru.
   345 | D:4      | Found a glowing silver altar of Zin.
   423 | D:4      | Became a worshipper of Vehumet
   514 | D:5      | Entered Level 5 of the Dungeon
   514 | D:5      | Noticed an iguana
   543 | D:3      | Reached skill level 5 in Necromancy
   641 | D:3      | Reached XP level 2. HP: 15/15 MP: 8/8
   936 | D:3      | Identified the +5 rapier of the Hero {heavy, rN+ Dex+3}
   949 | D:2      | Found Renulab's Jewellery Shop.
  1123 | D:1      | Reached XP level 3. HP: 19/19 MP: 9/9
  1127 | D:1      | Learned a level 3 spell: Vampiric Draining
  1219 | D:1      | Reached * piety under Vehumet
  1219 | D:1      | Offered knowledge of Sandblast by Vehumet.
  1233 | D:1      | Learned a level 3 spell: Teleport Other
  1238 | D:1      | Learned a level 1 spell: Sandblast
  1501 | D:2      | Noticed a black bear
  1525 | D:2      | Found a faded altar of an unknown god.
  1541 | D:2      | Reached XP level 4. HP: 20/24 MP: 11/11
  1596 | D:2      | Reached skill level 1 in Short Blades
  1630 | D:1      | Reached skill level 1 in Translocations
  1692 | D:2      | Killed a black bear
  1693 | D:2      | Reached XP level 5. HP: 24/28 MP: 5/12
  2286 | D:3      | Found a stormy altar of Qazlal.
  2289 | D:3      | Found a hazy altar of Hepliaklqana.
  2289 | D:3      | Found a bloodstained altar of Trog.
  2462 | D:4      | Found Ponaysk's Antique Weapon Boutique.
  2513 | D:5      | Reached skill level 4 in Spellcasting
  2513 | D:5      | Reached XP level 6. HP: 22/32 MP: 3/14
  2625 | D:5      | Found a shadowy altar of Dithmenos.
  2668 | D:5      | Got the Parchment of the Lumpy Olives
  3037 | D:6      | Reached ** piety under Vehumet
  3037 | D:6      | Offered knowledge of Searing Ray by Vehumet.
  3041 | D:6      | Learned a level 2 spell: Searing Ray
  3068 | D:6      | Noticed an ice beast
  3276 | D:4      | Found a glowing golden altar of the Shining One.
  3678 | D:4      | Reached XP level 7. HP: 27/36 MP: 10/16
  3691 | D:4      | Reached skill level 5 in Spellcasting
  4235 | D:5      | Reached skill level 1 in Conjurations
  4297 | D:5      | Reached skill level 6 in Spellcasting
  4364 | D:6      | Found a staircase to the Ecumenical Temple.
  4634 | D:6      | Found a blossoming altar of Fedhas.
  4646 | D:6      | Reached XP level 8. HP: 41/41 MP: 19/19
  4818 | D:6      | Offered knowledge of Inner Flame by Vehumet.
  4819 | D:6      | Reached skill level 7 in Spellcasting
  4870 | D:6      | Noticed Pikel
  4923 | D:6      | Killed Pikel
  4924 | D:6      | Reached skill level 5 in Dodging
  4924 | D:6      | Reached skill level 8 in Spellcasting
  4963 | D:7      | Found a runed translucent door.
  4964 | D:7      | Noticed Crazy Yiuf
  4971 | D:7      | Killed Crazy Yiuf
  5148 | D:6      | Noticed Blork the orc
  5157 | D:6      | Killed Blork the orc
  5158 | D:6      | Reached XP level 9. HP: 44/45 MP: 14/23
  5367 | D:7      | Noticed Joseph
  5579 | D:7      | Reached *** piety under Vehumet
  5635 | D:7      | Noticed Menkaure
  5643 | D:7      | Killed Menkaure
  5644 | D:7      | Reached skill level 9 in Spellcasting
  6321 | D:8      | Offered knowledge of Airstrike by Vehumet.
  6339 | D:7      | Learned a level 4 spell: Airstrike
  6472 | D:8      | Noticed a two-headed ogre
  6539 | D:8      | Killed a two-headed ogre
  6540 | D:8      | Reached skill level 1 in Throwing
  6540 | D:8      | Reached skill level 10 in Spellcasting
  6540 | D:8      | Reached skill level 10 in Necromancy
  6540 | D:8      | Reached skill level 1 in Air Magic
  6787 | D:8      | Found a transporter.
  6787 | D:8      | Found a transporter.
  6788 | D:8      | Found a transporter.
  6820 | D:8      | Found a transporter.
  6826 | D:8      | Reached **** piety under Vehumet
  6827 | D:8      | Reached XP level 10. HP: 50/50 MP: 26/26
  7011 | D:8      | Found a hide-covered altar of Uskayaw.
  7133 | D:8      | Offered knowledge of Freezing Cloud by Vehumet.
  7159 | D:8      | Learned a level 5 spell: Freezing Cloud
  7491 | D:9      | Found a flagged portal.
  7529 | Bailey   | Entered a bailey
  7695 | Bailey   | Identified the +2 bardiche of Puhoisos {heavy, rElec
                  | Stlth+}
  7782 | Bailey   | Reached skill level 5 in Conjurations
  7864 | Bailey   | Noticed an orc knight
  7864 | Bailey   | Noticed an orc knight
  7872 | Bailey   | Killed an orc knight
  7873 | Bailey   | Reached skill level 5 in Stealth
  7873 | Bailey   | Reached skill level 1 in Ice Magic
  7913 | Bailey   | Killed an orc knight
  7914 | Bailey   | Reached skill level 11 in Spellcasting
  8147 | D:9      | Noticed a two-headed ogre
  8152 | D:9      | Killed a two-headed ogre
  8336 | D:9      | Reached skill level 1 in Fighting
  8341 | D:9      | Noticed Harold
  8538 | D:9      | Reached skill level 1 in Evocations
  8570 | D:9      | Killed Harold
  8626 | D:9      | Found a sparkling altar of Nemelex Xobeh.
  8780 | D:9      | Noticed a cyclops
  8786 | D:9      | Killed a cyclops
  8787 | D:9      | Reached XP level 11. HP: 57/57 MP: 28/28
  8885 | D:9      | Reached ***** piety under Vehumet
  8950 | D:9      | Offered knowledge of Yara's Violent Unravelling by Vehumet.
  8951 | D:9      | Reached skill level 12 in Spellcasting
  8961 | D:9      | Learned a level 5 spell: Yara's Violent Unravelling
  9103 | D:10     | Entered Level 10 of the Dungeon
  9135 | D:10     | Found a staircase to the Orcish Mines.
  9305 | D:10     | Reached skill level 1 in Transmutations
 10012 | D:10     | Found a sacrificial altar of Ru.
 10217 | Orc:1    | Entered Level 1 of the Orcish Mines
 10219 | Orc:1    | Noticed an orc knight
 10224 | Orc:1    | Killed an orc knight
 10432 | D:2      | Bought the ring of the Mage {Wiz Archmagi} for 714 gold
                  | pieces
 10432 | D:2      | Found the ring of the Mage {Wiz Archmagi}
 10797 | D:10     | HP: 2/60 [troll (12)]
 10797 | D:10     | Mangled by a troll

Illustrated notes

Levels and vault maps discovered:
D:1:      sevenhm_arrival_forest_fort_small_3, layout_rooms,
          chequers_serial_rivers_room_b, minmay_misc_feat_five
D:2:      layout_loops_ring, dreamdust_ecumenical_altar_angels_and_demons,
          serial_shops, shop
D:3:      layout_basic, grunt_temple_overflow_open, minmay_misc_feat_iff
D:4:      layout_basic, nicolae_overflow_quartered_altars, serial_shops,
          nicolae_diamond_shop
D:5:      layout_loops_ring, lemuel_doored_altar, minmay_misc_feat_rows,
          dreamdust_wishing_well
D:6:      layout_loops_cross, fedhas_altar_fruit_tree,
          minmay_temple_entry_glass, uniq_pikel, uniq_blork_the_orc
D:7:      layout_basic, uniq_menkaure, uniq_joseph, uniq_crazy_yiuf_cottage
D:8:      layout_basic, nicolae_uskayaw_dance_hall, serial_demonic,
          serial_demonic_d, serial_demonic_a, serial_demonic_c,
          serial_demonic_c, nicolae_diode_quadrants
D:9:      layout_irregular_city, kennysheep_little_box, enter_bailey_4,
          minmay_between, uniq_harold
D:10:     layout_basic, nicolae_ru_awakened_eye
D:11:     layout_rooms, hellmonk_lair_entry_icy, serial_ice, serial_ice_j,
          serial_ice_m, serial_ice_o, serial_ice_c, serial_ice_g, serial_ice_f,
          guppyfry_shop_earth, uniq_psyche, uniq_lodul
Orc:1:    layout_caves

Skill      XL: |  1  2  3  4  5  6  7  8  9 10 11 |
---------------+----------------------------------+-----
Necromancy     | 5 6 7 8 10 11 | 11.6
Dodging        | 3 4 5 6 7 8 |  8.1
Stealth        | 3 4 5 |  5.3
Short Blades   | 1 2 3 |  3.8
Translocations | 1 2 3 4 |  4.3
Spellcasting   | 4 6 8 10 11 12 | 12.8
Conjurations   | 1 2 4 5 6 |  6.6
Throwing       | 1 2 |  2.4
Air Magic      | 1 3 |  3.5
Ice Magic      | 3 |  3.5
Fighting       | 2 3 |  3.8
Evocations     | 1 |  1.0
Transmutations | 2 |  2.2
Long Blades    | |  0.7

Action                     |  1- 3 |  4- 6 |  7- 9 | 10-12 || total
---------------------------+-------+-------+-------+-------++-------
  Melee: Short sword       |    83 |    95 |       |       ||   178
         Unarmed           |     9 |       |       |       ||     9
         Dagger            |       |    17 |    79 |    13 ||   109
         Rapier            |       |     6 |    12 |    32 ||    50
         Punch             |       |     1 |     2 |     1 ||     4
         Great sword       |       |       |     8 |     4 ||    12
  Throw: Dart              |       |     8 |    17 |    28 ||    53
   Cast: Vampiric Draining |       |    33 |    52 |    41 ||   126
         Searing Ray       |       |       |    38 |    50 ||    88
         Teleport Other    |       |       |     1 |       ||     1
         Airstrike         |       |       |     4 |     6 ||    10
         Freezing Cloud    |       |       |       |    28 ||    28
  Evoke: Wand              |       |       |     3 |     8 ||    11
    Use: Scroll            |     1 |       |     3 |     9 ||    13
         Potion            |       |       |     1 |     2 ||     3
   Stab: Sleeping          |    11 |     4 |     8 |     4 ||    27
         Distracted        |     2 |       |       |       ||     2
 Armour: Robe              |    13 |    39 |    27 |    44 ||   123
  Dodge: Dodged            |    49 |   101 |   106 |   142 ||   398
